 Dungeon Crawl Stone Soup version 0.30.1-11-g7821555f0a (webtiles) character file.

Game seed: 14483658019820324595

2828 Marvel the Cleaver (level 9, -5/79 HPs)
             Began as a Hill Orc Fighter on Dec 29, 2023.
             Was an Elder of Okawaru.
             Slain by a manticore (16 damage)
             ... on level 8 of the Dungeon.
             The game lasted 00:10:45 (7332 turns).

Marvel the Cleaver (Hill Orc Fighter)               Turns: 7332, Time: 00:10:46

Health: -5/79      AC: 19    Str: 32    XL:     9   Next: 73%
Magic:  9/9        EV:  8    Int:  8    God:    Okawaru [****..]
Gold:   197        SH:  5    Dex: 10    Spells: 8/8 levels left

rFire   + . .        a - +0 war axe
rCold   . . .        c - +0 buckler
rNeg    . . .        q - +0 plate armour
rPois   +            L - +2 hat "Fikkyehe" {rPois Str+9 Slay+4 Stlth-}
rElec   .            p - +0 cloak
rCorr   .            m - +1 pair of gloves
SInv    .            (no boots)
Will    +....        N - amulet of regeneration Stlth
                     i - ring of protection from fire
HPRegen 1.13/turn    F - ring of willpower
MPRegen 0.11/turn

%: no passive effects
@: attractive
A: no striking features
a: Renounce Religion, Heroism, Finesse


You were on level 8 of the Dungeon.
You worshipped Okawaru.
Okawaru was greatly pleased with you.
You visited 2 branches of the dungeon, and saw 9 of its levels.

You collected 557 gold pieces.
You spent 360 gold pieces at shops.

Inventory:

Hand Weapons
 a - a +0 war axe (weapon)
Missiles
 g - 3 boomerangs
 v - 5 poisoned darts (quivered)
Armour
 c - a +0 buckler (worn)
 m - a +1 pair of gloves (worn)
 p - a +0 cloak (worn)
 q - a +0 plate armour (worn)
 L - the +2 hat "Fikkyehe" (worn) {rPois Str+9 Slay+4 Stlth-}
   (You bought it in a shop on level 6 of the Dungeon)

   Str:       It affects your strength (+9).
   Slay:      It affects your accuracy & damage with ranged weapons and melee
   (+4).
   rPois:     It protects you from poison.
   Stlth:     It makes you less stealthy.
Jewellery
 i - a ring of protection from fire (left hand)
 r - a +6 ring of intelligence
 u - a ring of positive energy
 A - a ring of protection from fire
 F - a ring of willpower (right hand)
 I - a ring of positive energy
 M - a ring of ice
 N - an amulet of regeneration (around neck)
Wands
 n - a wand of flame (25)
 R - a wand of iceblast (4)
Scrolls
 h - 7 scrolls of identify {unknown}
 s - a scroll of noise {unknown}
 t - 2 scrolls of blinking {unknown}
 x - 5 scrolls of teleportation {unknown}
 y - a scroll of vulnerability {unknown}
 C - a scroll of immolation {unknown}
 H - 5 scrolls of enchant armour
 J - a scroll of poison {unknown}
 K - a scroll of magic mapping
 P - a scroll of fog {unknown}
Potions
 d - 2 potions of might
 e - a potion of heal wounds {unknown}
 j - 2 potions of lignification {unknown}
 l - 2 potions of degeneration {unknown}
 o - 5 potions of curing
 w - 3 potions of haste {unknown}
 z - 2 potions of brilliance {unknown}
 B - a potion of invisibility {unknown}
 D - 3 potions of mutation {unknown}
 E - 2 potions of flight {unknown}
 G - a potion of magic {unknown}
 Q - 2 potions of resistance


   Skills:
 + Level 7.6 Fighting
 + Level 12.0 Axes
 + Level 0.5 Throwing
 + Level 7.8 Armour
 + Level 5.3 Shields


You had 8 spell levels left.
You didn't know any spells.
Your spell library contained the following spells:

 Spells                   Type           Power      Damage    Failure   Level
 Necrotise                Necr           0%         1d4       98%         1
 Blink                    Tloc           0%         N/A       99%         2
 Poisonous Vapours        Pois/Air       0%         N/A       99%         2
 Gell's Gravitas          Tloc           0%         N/A       100%        3
 Mephitic Cloud           Conj/Pois/Air  0%         N/A       100%        3
 Stone Arrow              Conj/Erth      0%         3d7       100%        3
 Teleport Other           Tloc           0%         N/A       100%        3
 Vampiric Draining        Necr           0%         2d6       100%        3
 Manifold Assault         Tloc           0%         N/A       100%        4
 Agony                    Necr           0%         N/A       100%        5
 Freezing Cloud           Conj/Ice/Air   0%         6-21      100%        5
 Dispersal                Tloc           0%         N/A       100%        6
 Storm Form               Tmut/Air       0%         N/A       100%        7
 Lehudib's Crystal Spear  Conj/Erth      0%         10d2      100%        8
 Animate Armour           Summ/Erth      Unusable   N/A       N/A         4

Dungeon Overview and Level Annotations

Branches:
Dungeon (8/15)             Temple (1/1) D:4
   Lair: D:8-11

Altars:
Ashenzari
Cheibriados
Dithmenos
Elyvilon
Fedhas
Gozag
Hepliaklqana
Kikubaaqudgha
Makhleb
Nemelex Xobeh
Okawaru
Qazlal
Ru
Sif Muna
Trog
Uskayaw
Vehumet
Yredelemnul

Shops:
D:6 (!(**   D:7 *

Annotations:
Temple 4 transporters


Message History

The manticore claws you but does no damage.
The manticore claws you.
You completely miss the manticore. The manticore bites you!
The manticore claws you but does no damage.
The manticore barely misses you.
You completely miss the manticore. The manticore barely misses you.
You block the manticore's attack. The manticore claws you.
You slash the manticore!
The manticore is moderately wounded.
The manticore barely misses you.
The manticore claws you but does no damage. x2
You slash the manticore!
The manticore is heavily wounded.
The manticore bites you!
* * * LOW HITPOINT WARNING * * *
The manticore claws you but does no damage. x2
You slash the manticore!
The manticore is severely wounded.
You carefully extract the barbed spikes from your body.
The manticore bites you but does no damage.
The manticore claws you but does no damage.
The manticore barely misses you.
You barely miss the manticore.
The manticore is severely wounded.
The manticore bites you but does no damage.
The manticore completely misses you. The manticore claws you!
* * * LOW HITPOINT WARNING * * *
It was a potion of attraction.
You feel attractive to monsters.
The manticore bites you but does no damage.
The manticore claws you.
* * * LOW HITPOINT WARNING * * *
The manticore claws you!
* * * LOW HITPOINT WARNING * * *
It was a potion of curing.
You feel better. The manticore barely misses you. The manticore claws you!
* * * LOW HITPOINT WARNING * * *
The manticore claws you but does no damage.
You feel better. The manticore bites you!
You die...

#.# #. #. #.# #. ####.#
#.# #. ..... ####.### #.
##...## #......#### ##
##.....###.##.#....# #
##.......##.##......# #
#.........#.##......####
+.....H@..'.>...........
#.........#.##...#.#####
##.......##......#.# #
##.....##########.# #
##..:## #.# # ##+# #.# #
..# ###


You could see a manticore.

Vanquished Creatures
  A steam dragon (D:7)
  An acid dragon (D:8)
  5 water moccasins (D:7)
  4 sky beasts
  An orc warrior (D:7)
  An ice beast (D:5)
  An ogre (D:5)
  2 phantoms
  2 bullfrogs (D:7)
  Blork the orc (D:6)
  A gnoll sergeant (D:5)
  A wyvern skeleton (D:5)
  An electric eel (D:6)
  A bullfrog zombie (D:5)
  A centaur zombie (D:5)
  An orc priest (D:7)
  5 hounds
  A jelly (D:6)
  A bullfrog skeleton (D:5)
  A sleepcap (D:6)
  4 iguanas
  4 orc wizards
  Terence (D:2)
  A hound zombie (D:5)
  A howler monkey zombie (D:5)
  A gnoll zombie (D:7)
  14 gnolls
  An orc zombie (D:7)
  10 adders
  A shadow imp (D:6)
  A white imp (D:6)
  An ufetubus (D:4)
  22 orcs
  6 bats
  8 endoplasms
  3 giant cockroaches
  9 goblins
  6 hobgoblins
  12 ball pythons
  A frilled lizard (D:1)
  8 kobolds
  7 rats
155 creatures vanquished.

Notes
Turn   | Place    | Note
-------+----------+-------------------------------------------
     0 | D:1      | Marvel the Hill Orc Fighter began the quest for the Orb.
     0 | D:1      | Reached XP level 1. HP: 19/19 MP: 1/1
   282 | D:1      | Reached XP level 2. HP: 27/27 MP: 2/2
  1026 | D:2      | Noticed Terence
  1039 | D:2      | Killed Terence
  1040 | D:2      | Reached skill level 3 in Axes
  1040 | D:2      | Reached XP level 3. HP: 33/33 MP: 3/3
  1219 | D:2      | Reached XP level 4. HP: 40/40 MP: 4/4
  1421 | D:2      | Reached skill level 4 in Axes
  1519 | D:2      | Found a faded altar of an unknown god.
  2383 | D:3      | Reached XP level 5. HP: 47/47 MP: 5/5
  2483 | D:3      | Found a shimmering blue altar of Sif Muna.
  2877 | D:4      | Reached skill level 5 in Axes
  2943 | D:4      | Reached XP level 6. HP: 43/55 MP: 6/6
  3029 | D:4      | Found a staircase to the Ecumenical Temple.
  3044 | Temple   | Entered the Ecumenical Temple
  3044 | Temple   | Found a transporter.
  3044 | Temple   | Found a transporter.
  3046 | Temple   | Found a transporter.
  3046 | Temple   | Found a transporter.
  3062 | Temple   | Became a worshipper of Warmaster Okawaru
  3136 | D:4      | Reached skill level 6 in Axes
  3153 | D:4      | Reached skill level 5 in Fighting
  3696 | D:4      | Found an ancient bone altar of Kikubaaqudgha.
  3844 | D:5      | Entered Level 5 of the Dungeon
  3856 | D:5      | Reached * piety under Okawaru
  3857 | D:5      | Reached XP level 7. HP: 40/61 MP: 7/7
  3858 | D:5      | Reached skill level 7 in Axes
  3985 | D:5      | Reached skill level 5 in Armour
  4193 | D:5      | Reached skill level 8 in Axes
  4231 | D:5      | Found a radiant altar of Vehumet.
  4400 | D:5      | Found a shadowy altar of Dithmenos.
  4435 | D:5      | Reached XP level 8. HP: 48/70 MP: 8/8
  4645 | D:6      | Reached ** piety under Okawaru
  4816 | D:6      | Reached skill level 9 in Axes
  4855 | D:6      | Found a hazy altar of Hepliaklqana.
  4857 | D:6      | Noticed Blork the orc
  4867 | D:6      | Killed Blork the orc
  5619 | D:6      | Found Zeixis's Weapon Shop.
  5622 | D:6      | Found Upinosen's Distillery.
  5622 | D:6      | Found Toidi's Weapon Emporium.
  5718 | D:6      | Found Noraid's Assorted Antiques.
  5718 | D:6      | Found Carhepn's Assorted Antiques.
  5726 | D:6      | Bought a faintly humming hat for 270 gold pieces
  5726 | D:6      | Identified the +2 hat "Fikkyehe" {rPois Str+9 Slay+4
                  | Stlth-} (You bought it in a shop on level 6 of the Dungeon)
  5992 | D:6      | Found a white marble altar of Elyvilon.
  6042 | D:7      | Found a transporter.
  6053 | D:7      | Reached skill level 10 in Axes
  6139 | D:7      | Reached *** piety under Okawaru
  6140 | D:7      | Reached skill level 5 in Shields
  6181 | D:7      | Reached XP level 9. HP: 66/78 MP: 9/9
  6405 | D:7      | Found Buly's General Store.
  6410 | D:7      | Bought a scroll of enchant armour for 90 gold pieces
  6462 | D:7      | Reached skill level 11 in Axes
  6529 | D:7      | Found a transporter.
  6564 | D:7      | Found a sacrificial altar of Ru.
  6616 | D:7      | Identified the +3 leather armour "Noutyb" {Fly Will+ Int-2
                  | Dex+2}
  7011 | D:7      | Reached **** piety under Okawaru
  7075 | D:8      | Found a hide-covered altar of Uskayaw.
  7166 | D:8      | Reached skill level 12 in Axes
  7225 | D:8      | Found a burning altar of Makhleb.
  7318 | D:8      | Noticed a manticore
  7330 | D:8      | HP: 1/79 [manticore (9)]
  7332 | D:8      | Slain by a manticore

Illustrated notes

Levels and vault maps discovered:
D:1:      sevenhm_arrival_forest_fort_large_4, layout_basic,
          kennysheep_minor_cross
D:2:      kennysheep_the_goblin_king, layout_loops_cross,
          chequers_ecumenical_altar_simple_redux, minmay_pentomino_z4,
          uniq_terence
D:3:      layout_basic, kennysheep_orc_sif_temple, minmay_cupped
D:4:      minmay_recursive_quarters, layout_basic, mainiacjoe_overflow_alcove_4,
          minmay_temple_entry_poolview
D:5:      layout_cave_pools, vehumet_altar_wand_db,
          mainiacjoe_overflow_alcove_1, serial_undead, serial_undead_e,
          serial_undead_e, serial_undead_a, serial_undead_b
D:6:      layout_basic, nicolae_elyvilon_temple_path, old_standard_altar,
          nicolae_wooded_promenade, st_stairs_7, nrook_uturn,
          chequers_serial_rivers_micro_e, minmay_curled_crystal,
          uniq_blork_the_orc
D:7:      gammafunk_cloud_chamber, layout_basic, old_standard_altar,
          serial_shops, nicolae_shop_rolling_square, hex_intersection
D:8:      layout_loops_corners, mainiacjoe_overflow_boulevard,
          nicolae_tso_swordbearing_angel, bloody_makhleb, ebering_ghost_xom,
          hangedman_abyss_or_decor_lesser_grid, nicolae_grassy_gnolls
Temple:   hellmonk_temple_divided_pantheon

Skill      XL: |  1  2  3  4  5  6  7  8  9 |
---------------+----------------------------+-----
Fighting       | 4 5 6 7 |  7.6
Axes           | 3 4 5 6 8 10 12 | 12.0
Armour         | 4 5 6 7 |  7.8
Shields        | 4 5 |  5.3
Throwing       | |  0.5

Action                     |  1- 3 |  4- 6 |  7- 9 || total
---------------------------+-------+-------+-------++-------
  Melee: War axe           |    62 |   160 |   218 ||   440
  Throw: Dart              |       |       |     4 ||     4
    Use: Potion            |       |       |     3 ||     3
         Scroll            |       |       |     1 ||     1
 Armour: Scale mail        |    37 |    17 |       ||    54
         Plate armour      |       |   107 |   174 ||   281
  Dodge: Dodged            |    35 |    62 |    69 ||   166
  Block: Buckler           |    17 |    38 |    47 ||   102
